 Dungeon Crawl Stone Soup version 0.24-b1 (webtiles) character file.

Game seed: 15039664850107958290, levelgen mode: deterministic

220 Multipenetrator the Sneak (level 5, -2/30 HPs)
             Began as a Deep Elf Assassin on Oct 12, 2019.
             Slain by a bullfrog (8 damage)
             ... on level 6 of the Dungeon.
             The game lasted 00:40:58 (4251 turns).

Multipenetrator the Sneak (Deep Elf Assassin)       Turns: 4251, Time: 00:40:59

Health: -2/30      AC:  2    Str:  9    XL:     5   Next: 64%
Magic:  0/7        EV: 12    Int: 16    God:
Gold:   110        SH:  0    Dex: 16    Spells: 4/4 levels left

rFire    . . .     SeeInvis .   a - +3 dagger
rCold    . . .     Gourm    .   (no shield)
rNeg     . . .     Faith    .   b - +0 robe
rPois    .         Spirit   +   (no helmet)
rElec    .         Reflect  .   e - scarf {Spirit}
rCorr    .         Harm     .   (no gloves)
MR       .....                  (no boots)
Stlth    ++++......             (no amulet)
HPRegen  0.10/turn              (no ring)
MPRegen  0.10/turn              (no ring)

@: no status effects
A: no striking features
a: no special abilities


You were on level 6 of the Dungeon.
You were not hungry.

You visited 1 branch of the dungeon, and saw 5 of its levels.

You collected 110 gold pieces.

Inventory:

Hand Weapons
 a - a +3 dagger (weapon)
Missiles
 i - 6 poisoned darts (quivered)
Armour
 b - a +0 robe (worn)
 c - a +0 cloak
 e - a scarf of spirit shield (worn)
Scrolls
 d - a scroll of random uselessness {unknown}
 g - a scroll of teleportation {unknown}
 h - a scroll of enchant armour {unknown}
 l - a scroll of remove curse {unknown}
 n - a scroll of amnesia {unknown}
Potions
 m - a potion of heal wounds {unknown}
Comestibles
 f - 3 rations


   Skills:
 + Level 1.8 Fighting
 * Level 3.8 Short Blades
 - Level 2.0 Throwing
 + Level 1.9 Dodging
 * Level 7.3 Stealth


You had 4 spell levels left.
You didn't know any spells.
Your spell library was empty.

Dungeon Overview and Level Annotations

Branches:
Dungeon (4/15)
 Temple: D:4-7

Altars:

Shops:
D:6 [

Annotations:
D:3 Grinder
D:4 Robin


Message History

Throwing (i - inventory)
i - 7 poisoned darts (quivered)
Press: ? - help, Shift-Dir - straight line, f/p - bullfrog
Aim: a bullfrog (severely wounded)
You throw a poisoned dart. The poisoned dart hits the bullfrog.
The bullfrog is poisoned.
The bullfrog is severely wounded.
The bullfrog hits you.
* * * LOW HITPOINT WARNING * * *
You closely miss the bullfrog.
The bullfrog is severely wounded.
The bullfrog hits you.
You closely miss the bullfrog.
The bullfrog is severely wounded.
The bullfrog hits you!
* * * LOW MAGIC WARNING * * *;
* * * LOW HITPOINT WARNING * * *
You hit the bullfrog.
The bullfrog is almost dead.
The bullfrog hits you!
* * * LOW MAGIC WARNING * * *
You die...

...................
......?..H.......#
................#
...............#
...............##
.........#......###
........###.......###
#......###..........#...
#.....## #......eF(....(
#.....###.....###.......
#....#........# ###....
..............# ...
........##....# ..
.....######...# ....##
#...# #...# ##..#


You could see a hippogriff and a bullfrog.

Vanquished Creatures
  An iguana (D:6)
  3 worker ants (D:4)
  2 adders
  An ooze (D:3)
  An adder skeleton (D:4)
  4 worms
  2 dart slugs (D:1)
  A leopard gecko (D:1)
  6 orcs
  4 giant cockroaches
  14 goblins
  8 hobgoblins
  2 jackals (D:4)
  3 quokkas
  A ball python (D:1)
  9 bats
  A frilled lizard (D:1)
  9 kobolds
  6 rats
78 creatures vanquished.

Vanquished Creatures (others)
  A plant (D:1)
1 creature vanquished.

Grand Total: 79 creatures vanquished

Notes
Turn   | Place    | Note
-------+----------+-------------------------------------------
     0 | D:1      | Multipenetrator the Deep Elf Assassin began the quest for
                  | the Orb.
     0 | D:1      | Reached XP level 1. HP: 12/12 MP: 3/3
    62 | D:1      | Reached skill level 5 in Stealth
   374 | D:1      | Reached XP level 2. HP: 14/16 MP: 4/4
   970 | D:2      | Reached XP level 3. HP: 7/20 MP: 5/5
  1265 | D:2      | Reached skill level 6 in Stealth
  2157 | D:2      | Reached XP level 4. HP: 17/25 MP: 6/6
  3144 | D:3      | Noticed Grinder
  3683 | D:4      | Noticed an ogre
  3695 | D:4      | Reached skill level 7 in Stealth
  3695 | D:4      | Reached XP level 5. HP: 30/30 MP: 7/7
  3820 | D:4      | Noticed an ogre
  4006 | D:4      | Noticed Robin
  4021 | D:4      | You fall into a shaft and drop 2 floors!
  4044 | D:6      | Noticed a centaur
  4066 | D:6      | Found Zavosu's Armour Emporium.
  4081 | D:6      | Noticed a hippogriff
  4251 | D:6      | Slain by a bullfrog

Skill      XL: |  1  2  3  4 |
---------------+-------------+-----
Stealth        | 5 6 7 |  7.3
Short Blades   | 3 |  3.8
Fighting       | |  1.8
Throwing       | |  2.0
Dodging        | |  1.9

Action                   |  1- 3 |  4- 6 || total
-------------------------+-------+-------++-------
Melee: Dagger            |   132 |   134 ||   266
Throw: Dart              |    25 |    25 ||    50
  Use: Scroll            |       |     3 ||     3
       Potion            |       |     2 ||     2
 Stab: Sleeping          |     9 |     9 ||    18
       Distracted        |       |     1 ||     1
  Eat: Ration            |     1 |     1 ||     2
       Chunk             |       |     6 ||     6
Armor: Robe              |    15 |    27 ||    42
Dodge: Dodged            |    54 |    73 ||   127
